 Dungeon Crawl Stone Soup version 0.28.0-49-g6dfe1f597d (webtiles) character file.

Game seed: 4313391565353560056

1327 nickcage the Slicer (level 8, -13/44 (45) HPs)
             Began as a Kobold Enchanter on May 16, 2022.
             Was a Follower of Dithmenos.
             Mangled by an ogre
             ... wielding a +0 giant club
              (24 damage)
             ... on level 6 of the Dungeon.
             The game lasted 00:22:23 (7538 turns).

nickcage the Slicer (Kobold Enchanter)              Turns: 7538, Time: 00:22:24

HP:   -13/44 (45)   AC:  4    Str:  5    XL:     8   Next: 91%
MP:   5/11          EV: 15    Int: 16    God:    Dithmenos [*.....]
Gold: 213           SH:  0    Dex: 18    Spells: 9/11 levels left

rFire   . . .      SeeInvis .   s - +2 short sword (drain)
rCold   . . .      Faith    .   (no shield)
rNeg    + . .      Spirit   .   m - +1 robe {rN+}
rPois   .          Reflect  .   (no helmet)
rElec   .          Harm     .   j - +0 cloak
rCorr   .          Rampage  .   (no gloves)
Will    .....                   (no boots)
Stlth   ++++......              (no amulet)
HPRegen 0.14/turn               (no ring)
MPRegen 0.12/turn               (no ring)

@: wreathed by umbra, lightly drained
A: small, no large weapons, nightstalker 3
a: Renounce Religion


You were on level 6 of the Dungeon.
You worshipped Dithmenos.
Dithmenos was aware of your devotion.
You visited 2 branches of the dungeon, and saw 7 of its levels.

You collected 263 gold pieces.
You spent 50 gold pieces at shops.

Inventory:

Hand Weapons
 a - a +1 dagger
 s - a +2 short sword of draining (weapon)
Missiles
 f - 13 poisoned darts
Armour
 b - a +0 robe
 j - a +0 cloak (worn)
 m - a +1 robe of positive energy (worn)
Wands
 l - a wand of polymorph (7)
Scrolls
 g - a scroll of teleportation
 n - a scroll of vulnerability {unknown}
 o - 3 scrolls of enchant weapon {unknown}
 u - a scroll of identify
Potions
 c - 4 potions of invisibility
 d - 4 potions of curing
 e - 3 potions of ambrosia
 h - 4 potions of mutation
 i - a potion of degeneration {unknown}
 k - 2 potions of lignification {unknown}
 p - a potion of flight {unknown}
 q - 2 potions of heal wounds {unknown}
 r - a potion of resistance {unknown}
 t - a potion of might {unknown}


   Skills:
 + Level 2.9 Fighting
 * Level 11.4 Short Blades
 - Level 2.4 Dodging
 - Level 4.0 Stealth
 - Level 2.1 Spellcasting
 - Level 5.0 Hexes
 - Level 1.0 Ice Magic


You had 9 spell levels left.
You knew the following spells:

 Your Spells              Type           Power      Damage    Failure   Level
a - Ensorcelled Hibernat  Hex/Ice        22%        N/A       9%          2

Your spell library contained the following spells:

 Spells                   Type           Power      Damage    Failure   Level
 Confusing Touch          Hex            17%        N/A       8%          3
 Tukima's Dance           Hex            17%        N/A       8%          3
 Dazzling Flash           Conj/Hex       18%        N/A       22%         3
 Inner Flame              Hex/Fire       9%         N/A       22%         3
 Cause Fear               Hex            8%         N/A       26%         4
 Corpse Rot               Necr/Air       2%         N/A       30%         2
 Spider Form              Tmut/Pois      1%         N/A       52%         3
 Anguish                  Hex/Necr       4%         N/A       58%         4
 Dispel Undead            Necr           1%         3d6       90%         4
 Death Channel            Necr           0%         N/A       100%        6
 Discord                  Hex            8%         N/A       100%        8


Dungeon Overview and Level Annotations

Branches:
Dungeon (6/15)             Temple (1/1) D:4

Altars:
Cheibriados
Dithmenos
Elyvilon
Fedhas
Gozag
Hepliaklqana
Kikubaaqudgha
Makhleb
Nemelex Xobeh
Okawaru
Qazlal
Ru
Uskayaw
Vehumet
Wu Jian
Xom
Yredelemnul
Zin
The Shining One

Shops:
D:1 *   D:4 =

Annotations:
D:3 Grinder


Innate Abilities, Weirdness & Mutations

You are small and have problems with some larger weapons.
You are completely attuned to the shadows.


Message History

An ogre comes into view. It is wielding a +0 giant club.
The gnoll shouts!
The ogre shouts!
The gnoll barely misses you. The gnoll sergeant closely misses you.
The gnoll completely misses you. The gnoll sergeant closely misses you.
Things that are here:
a +0 spear; a gnoll corpse The gnoll resists with significant effort.
The gnoll closely misses you.
The gnoll resists with significant effort.
The gnoll misses you.
The gnoll resists with significant effort.
The gnoll misses you.
The gnoll looks drowsy...
The gnoll sergeant hits you from afar with a +0 spear!
The helpless gnoll fails to defend itself.
You stick the gnoll like a pincushion!!!
You kill the gnoll!
Dithmenos accepts your kill.
The gnoll sergeant hits you from afar with a +0 spear.
Unknown command.
A wight comes into view. It is wielding a +2 mace.
The wight moves out of view.
You hit the wight but do no damage. The wight barely misses you.
The wight closely misses you.
A wight comes into view. It is wielding a +0 war axe.
The wight closely misses you.
A wight comes into view. It is wielding a +0 hand axe.
A wight comes into view. It is wielding a +0 trident.
The wight barely misses you. The wight barely misses you.
The wight hits you with a +0 hand axe. The wight completely misses you.
The wight misses you. The wight hits you with a +0 hand axe!
There is a stone staircase leading up here.
The wight hits you from afar with a +0 trident!
* * * LOW HITPOINT WARNING * * *
You partially resist.
You feel drained.
* * * LOW HITPOINT WARNING * * *
The ogre hits you with a +0 giant club!!
Ouch! That really hurt!
You die...

#.....#............#
.#.....##...#.##.....
.......z.g..#.#.....)
.###.###............#
.####.####............
.......(z..##..#......
#..##.z....###.#..##..
..##..zz...#..........
.....@O........###....
.......##.....###.#..
.......# ......#..#..
.....................
........##......##.##
#......##### ......##
#. .....# #.. ...


You could see an ogre and 4 wights.

Vanquished Creatures
  Duvessa (D:4)
  A water moccasin (D:3)
  A sky beast (D:5)
  A black bear (D:5)
  2 necrophages
  A scorpion (D:3)
  A wyvern zombie (D:6)
  A water moccasin zombie (D:6)
  Dowan (D:4)
  3 hounds
  A jelly (D:5)
  Crazy Yiuf (D:2)
  An orc priest (D:3)
  A centaur skeleton (D:5)
  A bullfrog skeleton (D:4)
  An orc wizard (D:3)
  Terence (D:3)
  A killer bee zombie (D:5)
  6 gnolls
  7 adders
  An ufetubus (D:4)
  An adder skeleton (D:4)
  2 worms
  2 dart slugs
  5 orcs
  6 bats
  7 endoplasms
  6 giant cockroaches
  16 goblins
  8 hobgoblins
  2 jackals (D:4)
  4 kobolds
  4 quokkas
  5 ball pythons
  6 frilled lizards
  3 rats
112 creatures vanquished.

Vanquished Creatures (others)
  11 plants (D:3)
11 creatures vanquished.

Grand Total: 123 creatures vanquished

Notes
Turn   | Place    | Note
-------+----------+-------------------------------------------
     0 | D:1      | nickcage the Kobold Enchanter began the quest for the Orb.
     0 | D:1      | Reached XP level 1. HP: 10/10 MP: 3/3
   527 | D:1      | Reached XP level 2. HP: 15/15 MP: 5/5
   530 | D:1      | Learned a level 2 spell: Ensorcelled Hibernation
   857 | D:1      | Found Bommehem's Armour Shop.
   873 | D:1      | Found Weheidgh's Assorted Antiques.
   879 | D:1      | Bought a scroll labelled AKUCZE ZAENLIUSEA for 25 gold
                  | pieces
  1233 | D:1      | Bought a scroll labelled MAAM LOETAR for 25 gold pieces
  1271 | D:2      | Reached XP level 3. HP: 19/19 MP: 3/6
  1430 | D:2      | Found a faded altar of an unknown god.
  1571 | D:2      | Reached XP level 4. HP: 24/24 MP: 7/7
  2285 | D:2      | Reached skill level 5 in Hexes
  2285 | D:2      | Reached skill level 1 in Ice Magic
  2382 | D:2      | Found a runed translucent door.
  2385 | D:2      | Noticed Crazy Yiuf
  2392 | D:2      | Killed Crazy Yiuf
  2393 | D:2      | Reached skill level 2 in Short Blades
  2393 | D:2      | Reached XP level 5. HP: 15/28 MP: 5/8
  2742 | D:3      | Noticed Terence
  2746 | D:3      | Killed Terence
  2747 | D:3      | Reached skill level 3 in Short Blades
  2774 | D:3      | Noticed Grinder
  2801 | D:3      | Paralysed by Grinder for 6 turns
  2982 | D:3      | Noticed a water moccasin
  2987 | D:3      | Killed a water moccasin
  2988 | D:3      | Reached skill level 5 in Short Blades
  2988 | D:3      | Reached XP level 6. HP: 32/32 MP: 9/9
  3409 | D:3      | Reached skill level 6 in Short Blades
  3871 | D:3      | Reached XP level 7. HP: 34/37 MP: 10/10
  4099 | D:3      | Paralysed by Grinder for 4 turns
  4517 | D:4      | Reached skill level 7 in Short Blades
  4636 | D:4      | Noticed Duvessa
  4637 | D:4      | Noticed Dowan
  4641 | D:4      | Killed Duvessa
  4642 | D:4      | Reached skill level 1 in Fighting
  4643 | D:4      | Killed Dowan
  4644 | D:4      | Reached skill level 8 in Short Blades
  4716 | D:4      | Found a staircase to the Ecumenical Temple.
  4723 | Temple   | Entered the Ecumenical Temple
  4824 | Temple   | Became a worshipper of Dithmenos the Shadowed
  5260 | D:4      | Found Buikenosm's Jewellery Emporium.
  5425 | D:4      | Reached XP level 8. HP: 44/44 MP: 11/11
  5525 | D:4      | Reached skill level 9 in Short Blades
  5632 | D:5      | Entered Level 5 of the Dungeon
  6015 | D:5      | Reached skill level 10 in Short Blades
  6051 | D:5      | Found a radiant altar of Vehumet.
  6845 | D:3      | Paralysed by Grinder for 6 turns
  7167 | D:6      | Reached skill level 11 in Short Blades
  7199 | D:6      | Reached * piety under Dithmenos
  7538 | D:6      | Mangled by an ogre

Illustrated notes

Levels and vault maps discovered:
D:1:      dpeg_arrival_rooms_with_view, layout_loops_ring, serial_shops,
          shop_fountains, nicolae_square_shop
D:2:      layout_loops_ring, shapermc_ecumenical_altar_totnotflames,
          kennysheep_path_1, uniq_crazy_yiuf_cottage
D:3:      cheibrodos_greedy_goblins, layout_basic, chequers_big_river,
          serial_park_tiny_1, uniq_grinder, uniq_terence
D:4:      layout_gridville, minmay_temple_entry_glass, serial_bayou_pond_a,
          minmay_shop_enchanted_jewellery, uniq_duvessa
D:5:      layout_loops_cross, nicolae_vehumet_altar_sigil
D:6:      layout_cave_pools, ashenzari_altar_1, trog_hazing_becter
Temple:   mainiacjoe_temple_coin_purse

Skill      XL: |  1  2  3  4  5  6  7  8 |
---------------+-------------------------+-----
Hexes          | 4 5 |  5.0
Ice Magic      | 1 |  1.0
Short Blades   | 2 5 6 8 11 | 11.4
Fighting       | 1 2 |  2.9
Dodging        | |  2.4
Stealth        | |  4.0
Spellcasting   | |  2.1

Action                   |  1- 3 |  4- 6 |  7- 9 || total
-------------------------+-------+-------+-------++-------
Melee: Dagger            |    36 |   122 |    84 ||   242
       Punch             |       |     1 |     2 ||     3
       Short sword       |       |       |    43 ||    43
 Cast: Ensorcelled Hiber |     7 |    29 |    22 ||    58
  Use: Scroll            |     3 |       |     5 ||     8
 Stab: Sleeping          |    19 |    32 |    36 ||    87
Armor: Robe              |       |    10 |    10 ||    20
Dodge: Dodged            |     9 |    49 |    75 ||   133
